 Dungeon Crawl Stone Soup version 0.29.1-15-g9cfb28693d (webtiles) character file.

Game seed: 4717533363564173090

1133 croobank the Covert (level 8, 0/54 HPs)
             Began as an Octopode Delver on Mar 14, 2023.
             Was an Initiate of Sif Muna.
             Killed from afar by a manticore (17 damage)
             ... with a volley of spikes
             ... on level 7 of the Dungeon.
             The game lasted 00:12:33 (6269 turns).

croobank the Covert (Octopode Delver)               Turns: 6269, Time: 00:12:33

Health: 0/54       AC:  1    Str: 11    XL:     8   Next: 36%
Magic:  0/13       EV: 15    Int: 33    God:    Sif Muna [......]
Gold:   403        SH:  0    Dex: 19    Spells: 8/13 levels left

rFire   . . .      SeeInvis .   m - +5 lajatang (spect)
rCold   . . .      Faith    .   (shield currently unavailable)
rNeg    + + .      Spirit   +   (helmet restricted)
rPois   .          Reflect  .   k - amulet of guardian spirit
rElec   .          Harm     .   i - +6 ring of intelligence
rCorr   .          Rampage  .   v - +6 ring of intelligence
Will    .....                   C - +6 ring of dexterity
Stlth   +++++.....              D - ring of positive energy
HPRegen 0.18/turn               F - +6 ring of intelligence
MPRegen 0.13/turn               h - ring of positive energy
                                (no ring)
                                (no ring)

@: spiked
A: almost no armour, amphibious, 8 rings, camouflage 1, gelatinous body 1,
(nimble swimmer 1), tentacles
a: Renounce Religion


You were on level 7 of the Dungeon.
You worshipped Sif Muna.
Sif Muna was noncommittal.
You visited 2 branches of the dungeon, and saw 8 of its levels.

You collected 403 gold pieces.

Inventory:

Hand Weapons
 m - a +5 spectral lajatang (weapon)
 p - a +0 dagger
 t - a +0 sling
 y - a +0 scimitar
 E - a +0 hand axe
 I - a +0 morningstar
 K - a +1 great sword of holy wrath
Missiles
 d - a curare-tipped dart
 j - 7 boomerangs (quivered)
 r - 2 atropa-tipped darts
 J - a silver boomerang
Magical Staves
 l - a staff of air
Jewellery
 h - a ring of positive energy (on tentacle)
 i - a +6 ring of intelligence (left tentacle)
 k - an amulet of guardian spirit (around mantle)
 v - a +6 ring of intelligence (right tentacle)
 w - a +6 ring of dexterity
 C - a +6 ring of dexterity (on tentacle)
 D - a ring of positive energy (on tentacle)
 F - a +6 ring of intelligence (on tentacle)
 G - a +4 ring of evasion
Wands
 e - a wand of digging (11)
 q - a wand of iceblast (20)
Scrolls
 a - 2 scrolls of fog
 b - a scroll of silence
 c - 2 scrolls of fear
 f - 4 scrolls of identify
 o - a scroll of magic mapping
 u - a scroll of noise
 x - 2 scrolls of teleportation
 L - a scroll of blinking {unknown}
Potions
 g - a potion of mutation
 n - 2 potions of invisibility {unknown}
 s - a potion of resistance
 z - a potion of brilliance {unknown}
 A - a potion of heal wounds {unknown}
 B - 3 potions of curing
 H - a potion of lignification {unknown}


   Skills:
 + Level 4.7 Fighting
 + Level 2.4 Staves
 + Level 4.1 Dodging
 + Level 8.6 Stealth
 - Level 3.2 Unarmed Combat
 + Level 3.4 Spellcasting
 + Level 4.5 Poison Magic
 + Level 1.0 Invocations


You had 8 spell levels left.
You knew the following spells:

 Your Spells              Type           Power      Damage    Failure   Level
a - Olgreb's Toxic Radia  Pois           35%        N/A       9%          4
b - Beastly Appendage     Tmut           10%        N/A       5%          1

Your spell library contained the following spells:

 Spells                   Type           Power      Damage    Failure   Level
 Spider Form              Tmut/Pois      20%        N/A       7%          3
 Ensorcelled Hibernation  Hex/Ice        10%        N/A       9%          2
 Wereblood                Tmut           5%         N/A       9%          2
 Dazzling Flash           Conj/Hex       10%        N/A       17%         3
 Anguish                  Hex/Necr       2%         N/A       50%         4
 Agony                    Necr           5%         N/A       83%         5
 Silence                  Hex/Air        2%         N/A       83%         5
 Ozocubu's Refrigeration  Ice            2%         4d8       100%        7
 Ignition                 Fire           2%         3d3       100%        8


Dungeon Overview and Level Annotations

Branches:
Dungeon (7/15)             Temple (1/1) D:5

Altars:
Ashenzari
Dithmenos
Elyvilon
Fedhas
Kikubaaqudgha
Qazlal
Ru
Sif Muna
Trog
Uskayaw
Yredelemnul
The Shining One


Innate Abilities, Weirdness & Mutations

You cannot wear most types of armour.
You are amphibious.
You can wear up to eight rings at the same time.
Your skin changes colour to match your surroundings (Stealth+).
Your rubbery body absorbs attacks. (AC +1, EV +1)
((You are camouflaged when in or above water. (Stealth+)))
You have tentacles for arms and can constrict up to eight enemies at once.


Message History

The manticore is lightly wounded.
You slash the water moccasin! Your grab misses the water moccasin.
Your squeeze misses the water moccasin.
The water moccasin is heavily wounded.
Your +5 spectral lajatang barely misses the water moccasin.
The water moccasin closely misses you. x2
You closely miss the water moccasin. Your grab misses the water moccasin.
You squeeze the water moccasin.
The water moccasin is heavily wounded.
Your +5 spectral lajatang completely misses the water moccasin.
The water moccasin completely misses you.
The water moccasin bites you!
You slash the water moccasin! You grab the water moccasin.
The water moccasin is almost dead.
Your +5 spectral lajatang hits the water moccasin!!
You kill the water moccasin!
Sif Muna accepts your kill.
The manticore flicks its tail.
The volley of spikes hits your +5 spectral lajatang but does no damage.
Your Invocations skill increases to level 1!
Throw: 7 boomerangs
Press: ? - help, Q - select action, (/) - cycle Shift-Dir - straight line, f/p - manticore
Aim: a manticore (moderately wounded, poisoned, ally target, 73% to hit)
Okay, then.
Throw: 7 boomerangs
Press: ? - help, Q - select action, (/) - cycle Shift-Dir - straight line, f/p - manticore
Aim: a manticore (moderately wounded, poisoned, ally target, 73% to hit)
You throw a boomerang.
The boomerang hits the manticore but does no damage.
The manticore is moderately wounded.
You carefully extract the barbed spikes from your body.
The manticore flicks its tail.
The volley of spikes hits you!!
The barbed spikes become lodged in your body.
* * * LOW HITPOINT WARNING * * *
You feel better.
The manticore flicks its tail.
The volley of spikes hits you!
The barbed spikes become lodged in your body.
You die...

#.#...........
#.#............
#..............
#............#
#...^.......#
#..........##
#............
#...!.......# ..
#.###@§.##.#
...####.###.#......
..........§H§....##
...#....##.........
####..........#.
##...#..=.. .. ..#
####..###...... .
#.# #.....#
#....... #.#
##....##


You could see a manticore (poisoned).

Vanquished Creatures
  2 water moccasins
  An ogre (D:5)
  An ice beast (D:7)
  A sky beast (D:6)
  A centaur (D:5)
  A kobold brigand (D:5)
  A scorpion (D:5)
  A bullfrog (D:4)
  A howler monkey (D:6)
  2 hounds (D:4)
  2 iguanas
  5 orc wizards
  4 adders
  2 worms (D:2)
  2 dart slugs
  16 orcs
  8 ball pythons
  4 endoplasms
  4 goblins
  5 hobgoblins
  6 jackals
  2 quokkas
  4 bats
  2 frilled lizards
  12 kobolds
  6 rats
96 creatures vanquished.

Notes
Turn   | Place    | Note
-------+----------+-------------------------------------------
     0 | D:5      | croobank the Octopode Delver began the quest for the Orb.
     0 | D:5      | Reached XP level 1. HP: 16/16 MP: 1/1
    62 | D:6      | Reached XP level 2. HP: 21/21 MP: 2/2
    72 | D:5      | Noticed a centaur
   191 | D:4      | Reached skill level 7 in Stealth
   191 | D:4      | Reached XP level 3. HP: 21/26 MP: 3/3
   306 | D:4      | Reached XP level 4. HP: 15/31 MP: 4/4
   527 | D:4      | Noticed a bullfrog
  1648 | D:1      | Reached XP level 5. HP: 37/37 MP: 5/5
  1977 | D:1      | Found a faded altar of an unknown god.
  2929 | D:3      | Learned a level 4 spell: Olgreb's Toxic Radiance
  3428 | D:4      | Reached skill level 1 in Poison Magic
  3945 | D:4      | Reached skill level 1 in Spellcasting
  4204 | D:4      | Learned a level 1 spell: Beastly Appendage
  4373 | D:4      | Identified a scroll of acquirement
  4373 | D:4      | Acquired a +5 spectral lajatang
  4417 | D:5      | Noticed an ogre
  4452 | D:5      | Found a staircase to the Ecumenical Temple.
  4464 | D:5      | Reached XP level 6. HP: 43/43 MP: 6/8
  4489 | Temple   | Entered the Ecumenical Temple
  4575 | Temple   | Became a worshipper of Sif Muna the Loreminder
  4706 | D:5      | Found a broken altar of Ashenzari.
  4771 | D:5      | HP: 2/43 [poisoned by a kobold brigand (curare-tipped
                  | dart)]
  4779 | D:5      | Reached skill level 1 in Staves
  4779 | D:5      | Reached XP level 7. HP: 13/48 MP: 1/10
  5024 | D:5      | Reached skill level 8 in Stealth
  5387 | D:5      | Found a glowing golden altar of the Shining One.
  5815 | D:6      | Identified the +1 robe "Soozuwk" {Harm *Corrode rElec rF+
                  | Will++}
  5894 | D:6      | Reached * piety under Sif Muna
  5895 | D:6      | Reached XP level 8. HP: 54/54 MP: 12/12
  6208 | D:7      | Noticed a manticore
  6268 | D:7      | Reached skill level 1 in Invocations
  6269 | D:7      | Killed from afar by a manticore

Illustrated notes

Levels and vault maps discovered:
D:1:      spicycebolla_green_bress_n_ham, layout_loops_ring,
          dilly_ecumenical_altar_fadedgnrine, minmay_strange_pillars
D:2:      layout_loops_corners, fountainhead
D:3:      layout_loops_corners, nrook_mini_backslash
D:4:      layout_loops_cross, kennysheep_diamond, st_stairs_14
D:5:      layout_gridville, marbit_many_paths, amcnicky_altar_gilded,
          minmay_temple_entry_overgrown, serial_glass, glass_columns_a,
          glass_columns_b, feat_on_display, minmay_strange_pillars,
          feat_on_display
D:6:      layout_basic
D:7:      layout_rooms, uniq_prince_ribbit1, uniq_menkaure
Temple:   zaba_magenta_temple

Skill      XL: |  1  2  3  4  5  6  7  8 |
---------------+-------------------------+-----
Stealth        | 7 8 |  8.6
Unarmed Combat | 3 |  3.2
Dodging        | 3 4 |  4.1
Poison Magic   | 1 2 4 |  4.5
Spellcasting   | 1 2 3 |  3.4
Fighting       | 4 |  4.7
Staves         | 1 2 |  2.4
Invocations    | 1 |  1.0

Action                   |  1- 3 |  4- 6 |  7- 9 || total
-------------------------+-------+-------+-------++-------
Melee: Unarmed           |    16 |   108 |       ||   124
       Constrict         |     3 |    32 |     6 ||    41
       Tentacles         |     2 |    26 |     6 ||    34
       Punch             |       |     2 |     1 ||     3
       Lajatang          |       |    21 |    29 ||    50
Throw: Boomerang         |       |       |     4 ||     4
 Cast: Olgreb's Toxic Ra |       |       |     1 ||     1
  Use: Scroll            |     1 |    12 |       ||    13
       Potion            |       |     4 |     1 ||     5
 Stab: Sleeping          |     3 |    18 |     9 ||    30
       Distracted        |       |     1 |       ||     1
Armor: Skin              |       |    13 |       ||    13
Dodge: Dodged            |    11 |    64 |     7 ||    82
